 Dungeon Crawl Stone Soup version 0.28-a0-1142-gc8569940dd (webtiles) character file.

Game seed: 8617970518548996179

50 LadyOphelia the Chopper (level 3, 0/34 HPs)
             Began as a Deep Dwarf Berserker on Dec 13, 2021.
             Was a Believer of Trog.
             Slain by an iguana (10 damage)
             ... on level 2 of the Dungeon.
             The game lasted 00:03:43 (808 turns).

LadyOphelia the Chopper (Deep Dwarf Berserker)       Turns: 808, Time: 00:03:46

Health: 0/34       AC:  5    Str: 22    XL:     3   Next: 55%
Magic:  3/3        EV: 12    Int:  7    God:    Trog [**....]
Gold:   32         SH:  0    Dex: 12    Spells: 2/2 levels left

rFire   . . .      SeeInvis .   a - +0 hand axe
rCold   . . .      Faith    .   (no shield)
rNeg    . . .      Spirit   .   b - +0 animal skin
rPois   .          Reflect  .   (no helmet)
rElec   .          Harm     .   (no cloak)
rCorr   .          Rampage  .   (no gloves)
Will    .....                   i - +2 pair of boots
Stlth   +.........              (no amulet)
HPRegen 0.00/turn               (no ring)
MPRegen 0.08/turn               (no ring)

@: no status effects
A: damage resistance, heal wounds, sense surroundings 1, no regeneration
a: Heal Wounds, Renounce Religion, Berserk, Trog's Hand


You were on level 2 of the Dungeon.
You worshipped Trog.
Trog was pleased with you.
You visited 1 branch of the dungeon, and saw 2 of its levels.

You collected 32 gold pieces.

Inventory:

Hand Weapons
 a - a +0 hand axe (weapon)
Armour
 b - a +0 animal skin (worn)
 i - a +2 pair of boots (worn)
Scrolls
 c - a scroll of immolation
 d - a scroll of identify
 e - a scroll of fear {unknown}
 f - a scroll of enchant armour {unknown}
 h - a scroll of teleportation {unknown}
Potions
 g - a potion of heal wounds {unknown}
 j - a potion of ambrosia {unknown}


   Skills:
 + Level 3.5 Fighting
 + Level 4.0 Axes
 + Level 2.3 Armour
 + Level 2.4 Dodging


You had 2 spell levels left.
You didn't know any spells.
Your spell library was empty.

Dungeon Overview and Level Annotations

Branches:
Dungeon (2/15)

Altars:


Innate Abilities, Weirdness & Mutations

You are resistant to damage.
You can heal yourself by infusing magical energy.
You passively map a small area around you.
You do not regenerate.


Message History

A giant cockroach comes into view.
A giant cockroach is nearby!
An iguana comes into view.
An adder and a kobold come into view.
The adder hisses angrily.
The kobold shouts!
You hit the giant cockroach.
You kill the giant cockroach!
Trog accepts your kill. The iguana barely misses you.
You see here a giant cockroach corpse.
The iguana bites you!
You miss the adder. You hit the iguana. The adder barely misses you.
The iguana closely misses you.
You slash the adder!
The adder is heavily wounded.
You hit the iguana. The adder closely misses you. The iguana barely misses you.
The adder bites you but does no damage.
You barely miss the adder.
The adder is heavily wounded.
You barely miss the iguana. The iguana bites you. The adder closely misses you.
You slash the adder!
You kill the adder!
Trog accepts your kill.
You can now call upon Trog for regeneration and willpower.
You closely miss the kobold. You closely miss the iguana. The iguana bites you.
The kobold barely misses you. The iguana closely misses you.
The kobold hits you but does no damage.
You see here an adder corpse.
The iguana barely misses you. The kobold closely misses you.
The iguana bites you!
* * * LOW HITPOINT WARNING * * *
The kobold barely misses you.
You see here an adder corpse.
You barely miss the iguana.
The iguana is lightly wounded.
You hit the kobold.
You kill the kobold!
Trog accepts your kill. The iguana bites you!
You die...

, .........##.# **
, #.###.......#
###.#..##.## ,
............### * *
.....##.......####
*
.....##...........
,..................
, ,
.....#...†........,
*
.........l@)..#...
,....#.......#.#
###.....#..###.#
#.#.#.#...#,*
#.........#.#* , *
* #..###.##.##.#, ,
#.., ..# ..,#..* ,
* * ## #.. , * * ..
,


You could see an iguana.

Vanquished Creatures
  A gnoll (D:1)
  An adder (D:2)
  A dart slug (D:1)
  A bat (D:2)
  2 endoplasms (D:1)
  2 giant cockroaches
  3 goblins (D:1)
  A hobgoblin (D:2)
  6 jackals (D:1)
  2 quokkas (D:1)
  A ball python (D:1)
  A frilled lizard (D:1)
  2 kobolds
  2 rats (D:1)
26 creatures vanquished.

Notes
Turn   | Place    | Note
-------+----------+-------------------------------------------
     0 | D:1      | LadyOphelia the Deep Dwarf Berserker began the quest for
                  | the Orb.
     0 | D:1      | Reached XP level 1. HP: 20/20 MP: 1/1
    27 | D:1      | Reached XP level 2. HP: 18/27 MP: 2/2
   226 | D:1      | Found a faded altar of an unknown god.
   359 | D:1      | Reached XP level 3. HP: 29/34 MP: 3/3
   370 | D:1      | Reached skill level 4 in Axes
   804 | D:2      | Reached ** piety under Trog
   808 | D:2      | Slain by an iguana

Illustrated notes

Levels and vault maps discovered:
D:1:      dpeg_arrival_round_c, layout_loops_ring,
          shapermc_ecumenical_altar_acropolis, minivault_4, minmay_tall_x
D:2:      layout_loops_cross, minmay_tripent

Skill      XL: |  1  2  3 |
---------------+----------+-----
Fighting       | 3 |  3.5
Axes           | 4 |  4.0
Armour         | |  2.3
Dodging        | |  2.4

Action                   || total
-------------------------++-------
Melee: Hand axe          ||    89
 Abil: Heal Wounds       ||     1
  Use: Scroll            ||     1
Armor: Animal skin       ||    28
Dodge: Dodged            ||    85

Table legend: (Time is in decaauts)
 A = Elapsed time spent in this place.
 B = Non-inter-level travel time spent in this place.
 C = Inter-level travel time spent in this place.
 D = Time resting spent in this place.
 E = Time spent auto-exploring this place.
 F = Levels seen in this place.
 G = Mean time per level.
                   A        B        C        D        E       F      G
               +--------+--------+--------+--------+--------+-----+--------+
         Total |    817 |    796 |     21 |      0 |    566 |   2 |  408.5 |
       Dungeon |    817 |    796 |     21 |      0 |    566 |   2 |  408.5 |
               +--------+--------+--------+--------+--------+-----+--------+

Top non-repeatable levels by time:
     D:1: 758 daAuts
     D:2: 59 daAuts
